 Dungeon Crawl Stone Soup version 0.31.0-32-g396128a36d (webtiles) character file.

Game seed: 3176139053880481602

25762 Ovrik the Fighter (level 13, -17/100 HPs)
             Began as an Octopode Fighter on Mar 9, 2024.
             Was an Initiate of Gozag.
             Demolished by a skyshark (20 damage)
             ... on level 3 of the Lair of Beasts.
             The game lasted 00:22:20 (16786 turns).

Ovrik the Fighter (Octopode Fighter)               Turns: 16786, Time: 00:22:20

Health: -17/100    AC:  1    Str: 25    XL:     13   Next: 21%
Magic:  16/16      EV: 23    Int: 18    God:    Gozag
Gold:   2867       SH:  6    Dex: 17    Spells: 13/16 levels left

rFire   . . .        t - +8 trident of Angaecid {venom, Int+6}
rCold   . . .        b - +1 buckler
rNeg    + . .        (helmet restricted)
rPois   +            (no amulet)
rElec   .            E - +5 ring of evasion
rCorr   +            D - +6 ring of dexterity
SInv    .            S - +6 ring of strength
Will    .....        y - ring "Nikkuna" {rPois rN+ rCorr}
Stlth   +++          (no ring)
HPRegen 0.36/turn    (no ring)
MPRegen 0.15/turn    (no ring)
                     (no ring)

%: no passive effects
@: no status effects
A: almost no armour, amphibious, 8 rings, camouflage 1, gelatinous body 1,
(nimble swimmer 1), tentacles
a: Renounce Religion, Potion Petition, Call Merchant, Bribe Branch


You were on level 3 of the Lair of Beasts.
You worshipped Gozag.
Gozag was most pleased with you.
You visited 3 branches of the dungeon, and saw 14 of its levels.

You collected 3010 gold pieces.
You spent 26 gold pieces at shops.
You paid 117 gold pieces to Gozag.


Innate Abilities, Weirdness & Mutations

You cannot wear most types of armour.
You are amphibious.
You can wear up to eight rings at the same time.
Your skin changes colour to match your surroundings (Stealth+).
Your rubbery body absorbs attacks. (AC +1, EV +1)
((You are camouflaged when in or above water. (Stealth+)))
You have tentacles for arms and can constrict up to eight enemies at once.


   Skills:
 + Level 13.9 Fighting
 - Level 4.0(8.4) Axes
 + Level 11.5(11.8) Polearms
 - Level 10.0 Dodging
 - Level 4.0 Shields
 - Level 2.0 Spellcasting
 - Level 6.0 Summonings
 - Level 5.0 Evocations


You had 13 spell levels left.
You knew the following spells:

 Your Spells              Type           Power      Damage    Failure   Level
c - Call Canine Familiar  Summ           23%        N/A       5%          3

Your spell library contained the following spells:

 Spells                   Type           Power      Damage    Failure   Level
 Foxfire                  Conj/Fire      4%         2x1d4     22%         1
 Gell's Gravitas          Tloc           1%         N/A       54%         3
 Sigil of Binding         Hex            1%         N/A       54%         3
 Teleport Other           Tloc           1%         N/A       54%         3
 Tukima's Dance           Hex            1%         N/A       54%         3
 Dimensional Bullseye     Hex/Tloc       0%         N/A       91%         4
 Iskenderun's Mystic Bla  Conj/Tloc      1%         2d3       91%         4
 Passage of Golubria      Tloc           1%         N/A       91%         4
 Silence                  Hex/Air        0%         N/A       99%         5
 Dispersal                Tloc           0%         N/A       100%        6
 Plasma Beam              Fire/Air       0%         2x1d10    100%        6
 Starburst                Conj/Fire      0%         6d3       100%        6
 Lehudib's Crystal Spear  Conj/Erth      0%         10d2      100%        8

Inventory:

Hand Weapons
 t - the +8 trident of Angaecid (weapon) {venom, Int+6}
   (You took it off an orc on level 5 of the Dungeon)

   Int+6:     It affects your intelligence (+6).
Missiles
 h - 11 atropa-tipped darts (quivered)
 p - 4 throwing nets {=f}
 v - 10 curare-tipped darts {=f}
Armour
 b - a +1 buckler (worn)
Magical Staves
 f - a staff of fire {!a}
Jewellery
 y - the ring "Nikkuna" (on tentacle) {rPois rN+ rCorr}
   (You found it on level 9 of the Dungeon)

   [ring of poison resistance]

   rPois:     It protects you from poison rN+: It protects you from negative
   energy.
   rCorr:     It protects you from acid and corrosion.
 C - a ring of ice
 D - a +6 ring of dexterity (right tentacle)
 E - a +5 ring of evasion (left tentacle)
 S - a +6 ring of strength (on tentacle)
Talismans
 l - a dragon-blood talisman
Wands
 q - a wand of flame (8)
 u - a wand of acid (16)
 x - a wand of iceblast (8)
Scrolls
 d - 3 scrolls of vulnerability
 g - a scroll of enchant armour
 j - a scroll of enchant weapon
 k - 3 scrolls of immolation
 m - 4 scrolls of identify {@r1}
 r - 5 scrolls of teleportation {@r2}
 w - 4 scrolls of fear
 z - a scroll of blinking
Potions
 a - a potion of ambrosia
 c - a potion of cancellation
 e - 7 potions of attraction
 i - 5 potions of lignification
 o - 3 potions of curing {@q1}
 s - 2 potions of mutation

Dungeon Overview and Level Annotations

Branches:
Dungeon (10/15)            Temple (1/1) D:6            Lair (3/5) D:8
  Swamp (0/4) Lair:2        Snake (0/4) Lair:3          Orc (0/2) D:9

Altars:
Ashenzari
Cheibriados
Dithmenos
Elyvilon
Fedhas
Gozag
Hepliaklqana
Kikubaaqudgha
Makhleb
Nemelex Xobeh
Okawaru
Qazlal
Ru
Sif Muna
Trog
Uskayaw
Vehumet
Wu Jian
Xom
Yredelemnul
Zin
The Shining One

Shops:
D:2 :   D:6 *   D:8 [

Portals:
Trove: D:10 (give 16 scrolls of teleportation)

Annotations:
Lair:2 PaiMei's ghost, journeyman DsNe

............##PP#....
#.....$.............
.##...$...............
........................
..........................
..........................
................P.#.......
...............##.#.#<....
..............PF@.......(.
.P#P......................
.###.#.#...........#P....>
.##............#...#......
.#.....#.......#....#.....
.##....##.........$##.....
..#....##.....#....# ....
.###.#.........#..## ....
..<...........##).#


You could see a skyshark (berserk, extremely poisoned).


Message History

You hit the skyshark.
The skyshark looks as sick as possible!
The skyshark is heavily wounded.
You block the skyshark's attack. The skyshark tail-slaps you.
* * * LOW HITPOINT WARNING * * *
The skyshark tail-slaps you!
* * * LOW HITPOINT WARNING * * *
You are too injured to fight recklessly!
You are too injured to fight recklessly!
You are too injured to fight recklessly!
Unknown command.
You hit the skyshark.
The skyshark looks as sick as possible!
The skyshark is heavily wounded.
The skyshark bites you!!
* * * LOW HITPOINT WARNING * * *
The skyshark closely misses you. The skyshark barely misses you.
You hit the skyshark.
The skyshark looks as sick as possible!
The skyshark is heavily wounded.
The skyshark bites you.
* * * LOW HITPOINT WARNING * * *
The skyshark tail-slaps you but does no damage.
The skyshark tail-slaps you.
* * * LOW HITPOINT WARNING * * *
You closely miss the skyshark.
Your tentacle-slap misses the skyshark.
The skyshark is heavily wounded.
The skyshark misses you. You block the skyshark's attack. x2
You puncture the skyshark!
The skyshark looks as sick as possible!
The skyshark is severely wounded.
The skyshark bites you!!
You die...
Your body crumbles into a pile of gold.

Skill      XL: |  1  2  3  4  5  6  7  8  9 10 11 12 13 |
---------------+----------------------------------------+-----
Fighting       | 4 5 6 8 10 12 13 | 13.9
Shields        | 4 |  4.0
Axes           | 4 |  4.0
Spellcasting   | 2 |  2.0
Summonings     | 4 6 |  6.0
Polearms       | 1 5 8 9 10 11 | 11.5
Evocations     | 5 |  5.0
Dodging        | 7 10 | 10.0

Action                     |  1- 3 |  4- 6 |  7- 9 | 10-12 | 13-15 || total
---------------------------+-------+-------+-------+-------+-------++-------
  Melee: War axe           |    67 |    55 |    27 |       |       ||   149
         Constrict         |    19 |    14 |    39 |    65 |     7 ||   144
         Tentacles         |    12 |    15 |    34 |   120 |    17 ||   198
         Punch             |     1 |     2 |     3 |     5 |     2 ||    13
         Trident           |       |       |   195 |   573 |    80 ||   848
  Throw: Dart              |       |       |       |     2 |       ||     2
   Cast: Call Canine Famil |       |       |     1 |       |     1 ||     2
  Evoke: Wand              |       |       |     1 |     2 |       ||     3
    Use: Potion            |       |     1 |     4 |       |       ||     5
         Scroll            |       |       |     6 |    10 |     2 ||    18
   Stab: Sleeping          |     5 |     3 |    11 |     4 |     1 ||    24
         Distracted        |       |       |       |     5 |     1 ||     6
 Armour: Skin              |    26 |    22 |    67 |   154 |    30 ||   299
  Dodge: Dodged            |    32 |    44 |    95 |   274 |    27 ||   472
  Block: Buckler           |    19 |    15 |    26 |    81 |    12 ||   153

Levels and vault maps discovered:
D:1:      dpeg_arrival_shrine, layout_basic, amethyst_killhole
D:2:      cheibrodos_helix_gallery, layout_basic, basic_altar, serial_shops,
          nicolae_shop_tiny_waterfront, minmay_misc_feat_square,
          nicolae_elevator_lobby_plus
D:3:      layout_loops_ring, minmay_fountain_box, nicolae_grassy_gnolls,
          uniq_sigmund
D:4:      layout_basic, old_standard_altar
D:5:      layout_loops_ring, serial_co_window_serial, co_window_paths_a,
          co_window_corner_a, co_window_of_opportunity_a,
          co_window_of_opportunity_a, co_window_paths_a, co_window_corner_a,
          co_window_of_opportunity_a, co_window_paths_a, co_window_paths_a,
          co_window_2corner, co_window_broadway_b, co_window_cross_3,
          co_window_corner_cb, glass_columns_b, glass_columns_c,
          glass_columns_a, glass_columns_b
D:6:      layout_basic, mainiacjoe_overflow_alcove_4,
          minmay_temple_entry_stoned_glass, serial_shops, shop,
          hangedman_decor_riveting, minivault_26
D:7:      layout_rooms, amethyst_overflow_temple_binary,
          mainiacjoe_ossuary_entry_find_the_door
D:8:      layout_cave_pods, lair_entry_dummy, serial_shops, shop
D:9:      layout_rooms, mainiacjoe_overflow_alcove_1, david_orc_1_choice,
          st_stairs_9, nicolae_benzene_ring, onia_ninara_cookie
D:10:     layout_basic, grunt_temple_overflow_open,
          nicolae_trove_entry_crossroad
Temple:   regret_index_temple_waves
Lair:1:   layout_hall_layers, basic_altar, chequers_serial_rivers_small_b,
          serial_bayou_shore_a, lemuel_fruit_tree, grunt_megastairs_4
Lair:2:   layout_chaotic_city, swamp_mist, ebering_ghost_rock_garden
Lair:3:   layout_regular_city, dummy_snake_entry, grunt_megastairs_5

Notes
Turn   | Place    | Note
-------+----------+-------------------------------------------
     0 | D:1      | Ovrik the Octopode Fighter began the quest for the Orb.
     0 | D:1      | Reached XP level 1. HP: 16/16 MP: 1/1
   223 | D:1      | Reached XP level 2. HP: 13/21 MP: 2/2
   879 | D:2      | Reached skill level 4 in Fighting
   981 | D:2      | Reached XP level 3. HP: 27/27 MP: 3/3
  1133 | D:2      | Found Abenn's Book Emporium.
  1241 | D:2      | Found a white marble altar of Elyvilon.
  1317 | D:2      | Reached skill level 4 in Shields
  1317 | D:2      | Reached XP level 4. HP: 27/33 MP: 4/4
  1869 | D:3      | Noticed Sigmund
  2126 | D:3      | Reached XP level 5. HP: 38/38 MP: 5/5
  2133 | D:3      | Reached skill level 5 in Fighting
  2311 | D:3      | Reached skill level 3 in Axes
  2617 | D:3      | Killed Sigmund
  2618 | D:3      | Reached skill level 4 in Axes
  2618 | D:3      | Reached skill level 2 in Spellcasting
  2618 | D:3      | Reached XP level 6. HP: 35/45 MP: 5/9
  2902 | D:4      | Found a blossoming altar of Fedhas.
  2914 | D:4      | Reached XP level 7. HP: 27/51 MP: 10/10
  3538 | D:5      | Entered Level 5 of the Dungeon
  3700 | D:5      | Reached skill level 6 in Fighting
  3748 | D:5      | Learned a level 3 spell: Call Canine Familiar
  3770 | D:5      | Reached skill level 2 in Summonings
  4012 | D:5      | Identified the +8 trident of Angaecid {venom, Int+6}
  4022 | D:5      | Reached skill level 3 in Summonings
  4024 | D:5      | HP: 4/52 [poisoned by an orc]
  4290 | D:5      | Reached skill level 1 in Polearms
  4392 | D:5      | Reached skill level 4 in Summonings
  4392 | D:5      | Reached XP level 8. HP: 53/57 MP: 11/11
  4393 | D:5      | Reached skill level 2 in Polearms
  4884 | D:5      | Reached skill level 3 in Polearms
  5306 | D:6      | Reached skill level 5 in Summonings
  5360 | D:6      | Found an ornate altar of the Wu Jian Council.
  5400 | D:6      | Found Kaih's General Store.
  5412 | D:6      | Reached skill level 4 in Polearms
  5470 | D:6      | Bought a scroll of identify for 26 gold pieces
  5618 | D:6      | Found a staircase to the Ecumenical Temple.
  5627 | D:6      | Reached skill level 5 in Polearms
  5627 | D:6      | Reached skill level 6 in Summonings
  5636 | Temple   | Entered the Ecumenical Temple
  5653 | Temple   | Became a worshipper of Gozag Ym Sagoz the Greedy
  5844 | D:6      | Reached XP level 9. HP: 62/62 MP: 12/12
  5915 | D:6      | Reached skill level 6 in Polearms
  6343 | D:7      | Reached skill level 7 in Polearms
  6548 | D:7      | Reached skill level 7 in Fighting
  7057 | D:7      | Reached skill level 8 in Fighting
  7205 | D:7      | Found a snail-covered altar of Cheibriados.
  7205 | D:7      | Found a broken altar of Ashenzari.
  7455 | D:8      | Reached skill level 8 in Polearms
  7455 | D:8      | Reached XP level 10. HP: 52/73 MP: 13/13
  7734 | D:8      | Found Pewko's Armour Boutique.
  7813 | D:8      | Found a staircase to the Lair.
  8018 | D:8      | Reached skill level 1 in Evocations
  8024 | D:8      | Reached skill level 9 in Fighting
  8272 | D:8      | Reached skill level 2 in Evocations
  8985 | D:9      | Reached skill level 3 in Evocations
  9048 | D:9      | Reached skill level 9 in Polearms
  9087 | D:9      | Found a white marble altar of Elyvilon.
  9127 | D:9      | Noticed a two-headed ogre
  9144 | D:9      | Killed a two-headed ogre
  9147 | D:9      | Reached skill level 4 in Evocations
  9296 | D:9      | Reached skill level 10 in Fighting
  9310 | D:9      | Reached skill level 5 in Evocations
  9310 | D:9      | Reached XP level 11. HP: 15/81 MP: 14/14
  9312 | D:9      | HP: 6/81 [water moccasin (7)]
  9569 | D:9      | Noticed a two-headed ogre
  9577 | D:9      | Killed a two-headed ogre
  9578 | D:9      | Reached skill level 11 in Fighting
  9715 | D:9      | Noticed a two-headed ogre
  9850 | D:9      | Killed a two-headed ogre
 10117 | D:9      | Identified the ring "Nikkuna" {rPois rN+ rCorr}
 10364 | D:9      | Found a staircase to the Orcish Mines.
 10515 | D:9      | Noticed a two-headed ogre
 10597 | D:9      | Killed a two-headed ogre
 10598 | D:9      | Reached skill level 12 in Fighting
 10598 | D:9      | Reached skill level 4 in Dodging
 11291 | D:10     | Entered Level 10 of the Dungeon
 11405 | D:10     | Found a hazy altar of Hepliaklqana.
 11408 | D:10     | Found a bloodstained altar of Trog.
 11474 | D:10     | Reached skill level 5 in Dodging
 11780 | D:10     | Reached skill level 6 in Dodging
 11952 | D:10     | Noticed a boulder beetle
 11966 | D:10     | Killed a boulder beetle
 11967 | D:10     | Reached skill level 7 in Dodging
 11978 | D:10     | Reached XP level 12. HP: 23/91 MP: 15/15
 12352 | D:10     | Found a portal to a secret trove of treasure.
 12609 | Lair:1   | Entered Level 1 of the Lair of Beasts
 12620 | Lair:1   | Reached skill level 8 in Dodging
 13082 | Lair:1   | Reached skill level 9 in Dodging
 13453 | Lair:1   | Found a glowing silver altar of Zin.
 13685 | Lair:1   | Reached skill level 10 in Dodging
 14219 | Lair:2   | Found a staircase to the Swamp.
 14474 | Lair:2   | Reached skill level 10 in Polearms
 14587 | Lair:2   | Found a runed translucent gate.
 14595 | Lair:2   | Found a runed translucent gate.
 14596 | Lair:2   | Found a runed translucent gate.
 14598 | Lair:2   | Noticed PaiMei's ghost (journeyman DsNe)
 14646 | Lair:2   | Noticed a death yak
 14646 | Lair:2   | Noticed a death yak
 14669 | Lair:2   | Killed a death yak
 14696 | Lair:2   | Noticed a death yak
 14716 | Lair:2   | Reached skill level 13 in Fighting
 14844 | Lair:2   | Killed a death yak
 14863 | Lair:2   | Killed a death yak
 15104 | Lair:2   | Reached XP level 13. HP: 49/99 MP: 16/16
 15405 | Lair:2   | Reached skill level 11 in Polearms
 15963 | Lair:2   | HP: 10/100 [PaiMei's ghost (2)]
 16735 | Lair:3   | Found a staircase to the Snake Pit.
 16783 | Lair:3   | HP: 10/100 [skyshark (27)]
 16784 | Lair:3   | HP: 3/100 [skyshark (6)]
 16786 | Lair:3   | Demolished by a skyshark

Vanquished Creatures
  A catoblepas (Lair:3)
  3 death yaks (Lair:2)
  A boulder beetle (D:10)
  4 two-headed ogres (D:9)
  A black mamba (Lair:1)
  An unseen horror (D:10)
  7 cane toads
  4 komodo dragons
  2 kobold demonologists (D:10)
  2 rime drakes
  2 trolls (D:9)
  A polar bear (Lair:2)
  3 blink frogs (Lair:2)
  A glass eye (D:9)
  Sigmund (D:3)
  4 wyverns
  3 wraiths
  2 basilisks (Lair:1)
  32 yaks
  A steam dragon (D:7)
  3 vampire mosquitoes (D:8)
  8 water moccasins
  8 orc warriors
  A black bear (D:7)
  A sky beast (D:7)
  3 ogres
  10 wolves (Lair:2)
  5 centaurs
  A phantom (D:6)
  10 kobold brigands
  16 bullfrogs
  A scorpion (D:5)
  2 gnoll sergeants
  12 wights
  7 killer bees
  3 howler monkeys (D:9)
  A bombardier beetle (D:5)
  2 jellies
  4 hounds
  2 bullfrog skeletons (D:7)
  10 orc priests
  A sleepcap (D:7)
  5 gnoll boudas
  3 scorpion zombies (D:7)
  3 iguanas
  16 orc wizards
  A killer bee zombie (D:7)
  26 gnolls
  2 howler monkey skeletons (D:7)
  3 adders
  2 white imps
  6 dart slugs
  40 orcs
  4 endoplasms
  3 giant cockroaches
  5 goblins
  6 hobgoblins
  6 jackals
  5 quokkas
  3 ball pythons
  4 bats
  2 frilled lizards
  31 kobolds
  9 rats
372 creatures vanquished.

Vanquished Creatures (others)
  A quokka (D:2)
1 creature vanquished.

Grand Total: 373 creatures vanquished

Table legend: (Time is in decaauts)
 A = Elapsed time spent in this place.
 B = Non-inter-level travel time spent in this place.
 C = Inter-level travel time spent in this place.
 D = Time resting spent in this place.
 E = Time spent auto-exploring this place.
 F = Levels seen in this place.
 G = Mean time per level.
                   A        B        C        D        E       F      G
               +--------+--------+--------+--------+--------+-----+--------+
         Total |  16749 |  16342 |    407 |   5180 |   8729 |  14 | 1196.4 |
       Dungeon |  12978 |  12636 |    342 |   3508 |   7231 |  10 | 1297.8 |
        Temple |     30 |      5 |     25 |      0 |      0 |   1 |   30.0 |
          Lair |   3740 |   3701 |     39 |   1671 |   1498 |   3 | 1246.7 |
               +--------+--------+--------+--------+--------+-----+--------+

Top non-repeatable levels by time:
     D:9: 2300 daAuts
     D:8: 1935 daAuts
  Lair:1: 1778 daAuts
     D:5: 1760 daAuts
  Lair:2: 1541 daAuts
    D:10: 1282 daAuts
     D:6: 1233 daAuts
     D:3: 1085 daAuts
     D:1: 879 daAuts
     D:7: 875 daAuts
     D:2: 863 daAuts
     D:4: 763 daAuts
  Lair:3: 420 daAuts
  Temple: 30 daAuts

Table legend:
 A = Non-vault XP
 B = Vault XP
 C = Vault XP percentage of total XP
 D = Non-vault monster count
 E = Vault monster count
 F = Vault count percentage of total count
                 A         B        C        D         E       F
            +---------+---------+-------+---------+---------+-------
      Total |   28959 |    7845 |  21.3 |     319 |      54 |  14.5
            +---------+---------+-------+---------+---------+-------
        D:1 |      22 |       0 |   0.0 |      13 |       0 |   0.0
        D:2 |     100 |       3 |   2.9 |      26 |       2 |   7.1
        D:3 |      83 |     282 |  77.3 |      17 |       5 |  22.7
        D:4 |     188 |       0 |   0.0 |      11 |       0 |   0.0
        D:5 |     936 |       0 |   0.0 |      26 |       0 |   0.0
        D:6 |    1030 |       0 |   0.0 |      25 |       0 |   0.0
        D:7 |    1524 |     247 |  13.9 |      37 |       8 |  17.8
        D:8 |    3060 |       0 |   0.0 |      45 |       0 |   0.0
        D:9 |    2441 |    5457 |  69.1 |      22 |      31 |  58.5
       D:10 |    4071 |       0 |   0.0 |      36 |       0 |   0.0
     Lair:1 |    3895 |    1856 |  32.3 |      16 |       8 |  33.3
     Lair:2 |    9325 |       0 |   0.0 |      38 |       0 |   0.0
     Lair:3 |    2284 |       0 |   0.0 |       7 |       0 |   0.0
            +---------+---------+-------+---------+---------+-------
